CHARLESTOWN CHIEFS vs TROIS-RIVIERES DRAVEURS

Created - 3 novembre 2025 at 14:04

Goals
1 2 3 T
CHARLESTOWN CHIEFS 1 0 1 2
TROIS-RIVIERES DRAVEURS 0 3 1 4
Shots
1 2 3 T
CHARLESTOWN CHIEFS 16 14 12 42
TROIS-RIVIERES DRAVEURS 10 14 15 39

1st period

1. CHARLESTOWN CHIEFS , Jeremy Davies 1 (Cameron Hughes 5, Alex Limoges 3) at 8:25 (PP)

Penalties :
Corson Ceulemans (TRV) for Tripping (Minor) at 1:18, Corson Ceulemans (TRV) for Hooking (Minor) at 5:35, Zachary Bolduc (TRV) for Tripping (Minor) at 6:54, Lucas Carlsson (CHA) for Interference (Minor) at 15:31

2nd period

2. TROIS-RIVIERES DRAVEURS , Conor Geekie 7 (Clark Bishop 1, Rasmus Kupari 11) at 1:00
3. TROIS-RIVIERES DRAVEURS , Conor Geekie 8 (Jimmy Snuggerud 6, Tyler Wotherspoon 8) at 1:44
4. TROIS-RIVIERES DRAVEURS , Rasmus Kupari 11 (Ryan Chesley 1) at 8:04

Penalties :
Nolan Renwick (CHA) for Tripping (Minor) at 4:17

3rd period

5. CHARLESTOWN CHIEFS , Justin Kirkland 7 (Nikita Alexandrov 6, Vittorio Mancini 2) at 17:34
6. TROIS-RIVIERES DRAVEURS , Rasmus Kupari 12 (Conor Geekie 5, Tyler Wotherspoon 9) at 19:53 (Empty Net)

Penalties :
Travis Mitchell (CHA) for Hooking (Minor) at 14:32

Goalie Stats

Dennis Hildeby (CHA), 35 saves from 38 shots - (0,921), L, 5-2-1, 59:08 minutes
Dustin Tokarski (TRV), 40 saves from 42 shots - (0,952), W, 5-3-1, 60:00 minutes

Players Stats for CHARLESTOWN CHIEFS

Player Name              G  A  P  +/- PIM S  H  SB GA TA FO     MP     PP MP  PK MP  
------------------------------------------------------------------------------------
Alex Limoges             0  1  1   0  0   1  1  0  0  0  0/0    19:30   2:31   3:02 
Anthony Richard          0  0  0  -1  0   3  0  1  0  0  0/0     6:29   0:00   0:32 
Cameron Hughes           0  1  1  -1  0   4  0  0  0  0  23/31  25:07   2:31   2:42 
Dylan Duke               0  0  0  -1  0   2  0  1  0  0  8/14   16:09   0:00   0:00 
Jacob Quillan            0  0  0  -1  0   0  1  1  0  0  3/5     5:57   0:00   0:00 
Jake Wise                0  0  0  -1  0   4  0  0  0  0  0/2    16:53   0:00   0:44 
Jakub Rychlovsky         0  0  0   0  0   1  1  0  0  0  0/0    16:28   2:31   0:00 
Jeremy Davies            1  0  1  -2  0   3  1  1  0  0  0/0    23:59   2:31   3:15 
Justin Kirkland          1  0  1  -1  0   8  3  0  0  0  1/2    17:56   2:18   2:27 
Liam McLinskey           0  0  0  -1  0   1  0  0  0  0  1/1    15:29   2:18   0:00 
Lucas Carlsson           0  0  0  -2  2   4  1  1  0  0  0/0    22:41   2:31   1:58 
Maxence Guenette         0  0  0  -1  0   2  2  0  0  0  0/0    20:33   2:18   2:42 
Nikita Alexandrov        0  1  1  -1  0   5  0  0  0  0  16/33  17:56   2:18   2:27 
Nolan Renwick            0  0  0   0  2   0  4  0  0  0  0/0    15:46   0:00   0:00 
Rodrigo Abols            0  0  0  -1  0   0  0  0  0  0  1/1     0:22   0:00   0:00 
Travis Mitchell          0  0  0   0  2   0  3  0  0  0  0/0    16:40   0:00   1:13 
Vittorio Mancini         0  1  1  -1  0   1  3  2  0  0  0/0    20:21   2:18   2:30 
Vsevolod Komarov         0  0  0   0  0   3  1  0  0  0  0/0    15:44   0:00   0:16 

Players Stats for TROIS-RIVIERES DRAVEURS

Player Name              G  A  P  +/- PIM S  H  SB GA TA FO     MP     PP MP  PK MP  
------------------------------------------------------------------------------------
Cedric Pare              0  0  0   0  0   0  0  0  0  0  0/1     4:24   1:39   0:16 
Chaz Lucius              0  0  0   0  0   0  0  0  0  0  0/0     0:20   0:00   0:00 
Clark Bishop             0  1  1   2  0   0  2  0  0  0  5/15   14:21   2:50   2:04 
Conor Geekie             2  1  3   3  0   10 0  0  0  0  0/3    26:07   1:28   2:45 
Corson Ceulemans         0  0  0   0  4   1  6  1  0  0  0/0    23:40   1:54   0:39 
David Jiricek            0  0  0   2  0   0  3  1  0  0  0/0    24:07   2:44   1:59 
David Reinbacher         0  0  0   0  0   0  1  0  0  0  0/0    17:37   1:20   2:11 
Hendrix Lapierre         0  0  0   0  0   2  1  0  0  0  10/21  18:10   0:00   0:00 
Henri Nikkanen           0  0  0   1  0   0  4  0  0  0  5/8    14:44   1:48   2:28 
Jagger Firkus            0  0  0   0  0   3  0  1  0  0  0/0     7:30   0:30   0:00 
Jimmy Snuggerud          0  1  1   0  0   2  1  1  0  0  0/2    18:57   0:00   0:00 
Nate Danielson           0  0  0   0  0   0  1  0  0  0  0/0    24:40   3:39   0:00 
Oliver Moore             0  0  0   0  0   0  0  0  0  0  0/0     0:00   0:00   0:00 
Rasmus Kupari            2  1  3   3  0   9  1  0  0  0  2/2    20:44   2:18   0:00 
Ryan Chesley             0  1  1   1  0   0  0  0  0  0  0/0     4:48   0:00   0:06 
Ryan O'Rourke            0  0  0   0  0   0  2  2  0  0  0/0    24:19   3:13   3:01 
Tyler Wotherspoon        0  2  2   3  0   1  3  4  0  0  0/0    24:47   2:43   1:42 
Zachary Bolduc           0  0  0   0  2   11 1  3  0  0  14/37  25:13   3:39   1:24 

3 Stars

1 - Rasmus Kupari (TRV)
2 - Conor Geekie (TRV)
3 - Tyler Wotherspoon (TRV)

Power Play

CHARLESTOWN CHIEFS - 1 on 3 Attempt(s) - 33,33%
TROIS-RIVIERES DRAVEURS - 0 on 3 Attempt(s) - 0,00%

Penalty Kill

CHARLESTOWN CHIEFS - 3 on 3 Attempt(s) - 100,00% - Score 0 goal in Penalty Kill
TROIS-RIVIERES DRAVEURS - 2 on 3 Attempt(s) - 66,67% - Score 0 goal in Penalty Kill

Team Stat

CHARLESTOWN CHIEFS - Hits : 21 - Faceoff Wins : 53 - Blocked Shots : 7 - Penalty Minutes : 6
TROIS-RIVIERES DRAVEURS - Hits : 26 - Faceoff Wins : 36 - Blocked Shots : 13 - Penalty Minutes : 6

Official

Referees : Terry Koharski and Jim Curtin
Linesman : James Tobias and Shaun Morgan

Game Notes

Rasmus Kupari has scored in a empty net!

CHARLESTOWN CHIEFS

5 vs 5 Forward 
   Center                   Left Wing                Right Wing               Time % Phy DF OF 
 1 Cameron Hughes           Alex Limoges             Jakub Rychlovsky         36     1   2  2  
 2 Nikita Alexandrov        Justin Kirkland          Liam McLinskey           31     1   2  2  
 3 Dylan Duke               Jake Wise                Nolan Renwick            23     1   2  2  
 4 Jacob Quillan            Anthony Richard          Cameron Hughes           10     1   2  2  

5 vs 5 Defense 
   Defense                  Defense                                           Time % Phy DF OF 
 1 Lucas Carlsson           Jeremy Davies                                     36     1   2  2  
 2 Vittorio Mancini         Maxence Guenette                                  31     1   2  2  
 3 Vsevolod Komarov         Travis Mitchell                                   23     1   2  2  
 4 Lucas Carlsson           Jeremy Davies                                     10     1   2  2  

PowerPlay Forward 
   Center                   Left Wing                Right Wing               Time % Phy DF OF 
 1 Cameron Hughes           Alex Limoges             Jakub Rychlovsky         55     1   2  2  
 2 Nikita Alexandrov        Justin Kirkland          Liam McLinskey           45     1   2  2  

PowerPlay Defense
   Defense                  Defense                                           Time % Phy DF OF 
 1 Lucas Carlsson           Jeremy Davies                                     55     1   2  2  
 2 Vittorio Mancini         Maxence Guenette                                  45     1   2  2  

Penalty Kill 4 Players Forward 
   Center                   Wing                     Time % Phy DF OF 
 1 Cameron Hughes           Alex Limoges             55     1   2  2  
 2 Nikita Alexandrov        Justin Kirkland          45     1   2  2  

Penalty Kill 4 Players Defense
   Defense                  Defense                  Time % Phy DF OF 
 1 Lucas Carlsson           Jeremy Davies            55     1   2  2  
 2 Vittorio Mancini         Maxence Guenette         45     1   2  2  

Penalty Kill - 3 Players Forward 
   Forward                                           Time % Phy DF OF 
 1 Cameron Hughes                                    55     1   2  2  
 2 Alex Limoges                                      45     1   2  2  

Penalty Kill - 3 Players Defense
   Defense                  Defense                  Time % Phy DF OF 
 1 Lucas Carlsson           Jeremy Davies            55     1   2  2  
 2 Vittorio Mancini         Maxence Guenette         45     1   2  2  

4 vs 4 Forward 
   Center                   Wing                     Time % Phy DF OF 
 1 Cameron Hughes           Alex Limoges             55     1   2  2  
 2 Nikita Alexandrov        Justin Kirkland          45     1   2  2  

4 vs 4 Defense
   Defense                  Defense                  Time % Phy DF OF 
 1 Lucas Carlsson           Jeremy Davies            55     1   2  2  
 2 Vittorio Mancini         Maxence Guenette         45     1   2  2  

Last Minutes Offensive
   Center                   Left Wing                Right Wing               Defense                  Defense                  
   Cameron Hughes           Alex Limoges             Jakub Rychlovsky         Lucas Carlsson           Jeremy Davies            

Last Minutes Defensive
   Center                   Left Wing                Right Wing               Defense                  Defense                  
   Cameron Hughes           Alex Limoges             Jakub Rychlovsky         Lucas Carlsson           Jeremy Davies            

Goaltenders
Starting : Dennis Hildeby           
Backup : Cooper Black             

Extra Forwards
Normal : Rodrigo Abols, Dylan Duke, Jake Wise - PP : Rodrigo Abols, Dylan Duke - PK : Jake Wise
Extra Defensemen
Normal : Vsevolod Komarov, Travis Mitchell, Vittorio Mancini - PP : Vsevolod Komarov - PK : Travis Mitchell, Vittorio Mancini
Penalty Shots
Cameron Hughes, Alex Limoges, Nikita Alexandrov, Justin Kirkland, Dylan Duke

Scratches
Adam Mechura (Healthy), Andre Lee (Healthy), Jack Devine (Healthy), Anton Malmstrom (Healthy), Kai Uchacz (Healthy)
Eemil Viro (Healthy), Ethan Haider (Healthy), Victor Ostman (Healthy)

TROIS-RIVIERES DRAVEURS

5 vs 5 Forward 
   Center                   Left Wing                Right Wing               Time % Phy DF OF 
 1 Zachary Bolduc           Rasmus Kupari            Nate Danielson           30     1   2  2  
 2 Hendrix Lapierre         Jimmy Snuggerud          Conor Geekie             30     1   2  2  
 3 Zachary Bolduc           Conor Geekie             Nate Danielson           30     1   2  2  
 4 Clark Bishop             Conor Geekie             Rasmus Kupari            10     1   2  2  

5 vs 5 Defense 
   Defense                  Defense                                           Time % Phy DF OF 
 1 Tyler Wotherspoon        David Jiricek                                     30     1   2  2  
 2 Ryan O'Rourke            Corson Ceulemans                                  30     1   2  2  
 3 Corson Ceulemans         David Jiricek                                     30     1   2  2  
 4 Corson Ceulemans         David Reinbacher                                  10     1   2  2  

PowerPlay Forward 
   Center                   Left Wing                Right Wing               Time % Phy DF OF 
 1 Zachary Bolduc           Clark Bishop             Nate Danielson           55     1   2  2  
 2 Conor Geekie             Rasmus Kupari            Henri Nikkanen           45     1   2  2  

PowerPlay Defense
   Defense                  Defense                                           Time % Phy DF OF 
 1 Corson Ceulemans         David Jiricek                                     55     1   2  2  
 2 Tyler Wotherspoon        Ryan O'Rourke                                     45     1   2  2  

Penalty Kill 4 Players Forward 
   Center                   Wing                     Time % Phy DF OF 
 1 Henri Nikkanen           Conor Geekie             55     1   2  2  
 2 Clark Bishop             Zachary Bolduc           45     1   2  2  

Penalty Kill 4 Players Defense
   Defense                  Defense                  Time % Phy DF OF 
 1 Tyler Wotherspoon        David Jiricek            55     1   2  2  
 2 Corson Ceulemans         Ryan O'Rourke            45     1   2  2  

Penalty Kill - 3 Players Forward 
   Forward                                           Time % Phy DF OF 
 1 Clark Bishop                                      55     1   2  2  
 2 Conor Geekie                                      45     1   2  2  

Penalty Kill - 3 Players Defense
   Defense                  Defense                  Time % Phy DF OF 
 1 Tyler Wotherspoon        David Jiricek            55     1   2  2  
 2 Corson Ceulemans         Ryan O'Rourke            45     1   2  2  

4 vs 4 Forward 
   Center                   Wing                     Time % Phy DF OF 
 1 Conor Geekie             Clark Bishop             55     1   2  2  
 2 Henri Nikkanen           Zachary Bolduc           45     1   2  2  

4 vs 4 Defense
   Defense                  Defense                  Time % Phy DF OF 
 1 Corson Ceulemans         Ryan O'Rourke            55     1   2  2  
 2 David Reinbacher         David Jiricek            45     1   2  2  

Last Minutes Offensive
   Center                   Left Wing                Right Wing               Defense                  Defense                  
   Zachary Bolduc           Conor Geekie             Rasmus Kupari            Tyler Wotherspoon        David Jiricek            

Last Minutes Defensive
   Center                   Left Wing                Right Wing               Defense                  Defense                  
   Zachary Bolduc           Conor Geekie             Rasmus Kupari            Tyler Wotherspoon        David Jiricek            

Goaltenders
Starting : Dustin Tokarski          
Backup : Jesper Wallstedt         

Extra Forwards
Normal : Henri Nikkanen, Conor Geekie, Clark Bishop - PP : Henri Nikkanen, Clark Bishop - PK : Clark Bishop
Extra Defensemen
Normal : Corson Ceulemans, Tyler Wotherspoon, David Jiricek - PP : Corson Ceulemans - PK : Corson Ceulemans, David Jiricek
Penalty Shots
Conor Geekie, Clark Bishop, Henri Nikkanen, Rasmus Kupari, Zachary Bolduc

Scratches
Samuel Honzek (Healthy), Austin Strand (Healthy), Ashton Sautner (Healthy), Artyom Levshunov (Healthy), Axel Sandin-Pellikka (Healthy)
Sam Bitten (Healthy), Fabian Lysell (Healthy), Rutger McGroarty (Healthy), Mark Senden (Healthy), Brandon Halverson (Healthy)
Ken Appleby (Healthy), Magnus Hellberg (Healthy)

% Time on Ice - CHARLESTOWN CHIEFS

Lines # - Real PCT - Wanted PCT - Time Play
Normal Forward
1 - 28% - 36% - 13:37
2 - 27% - 31% - 13:11
3 - 33% - 23% - 15:47
4 - 12% - 10% - 5:57
Normal Defense
1 - 33% - 36% - 16:09
2 - 32% - 31% - 15:33
3 - 32% - 23% - 15:28
4 - 3% - 10% - 1:22
PP Forward
1 - 52% - 55% - 2:31
2 - 48% - 45% - 2:18
PP Defense
1 - 52% - 55% - 2:31
2 - 48% - 45% - 2:18
PK Forward
1 - 59% - 55% - 3:30
2 - 41% - 45% - 2:27
PK Defense
1 - 59% - 55% - 3:31
2 - 41% - 45% - 2:26
PK3 Forward
1 - 0% - 55%
2 - 0% - 45%
PK3 Defense
1 - 0% - 55%
2 - 0% - 45%
44 Forward
1 - 0% - 55%
2 - 0% - 45%
44 Defense
1 - 0% - 55%
2 - 0% - 45%
Last Minute Offensive  - 0:42
Last Minute Defensive  - 0:00
Total
Forward - 60:00
Defense - 60:00

% Time on Ice - TROIS-RIVIERES DRAVEURS

Lines # - Real PCT - Wanted PCT - Time Play
Normal Forward
1 - 25% - 30% - 12:18
2 - 39% - 30% - 18:57
3 - 18% - 30% - 8:43
4 - 18% - 10% - 8:54
Normal Defense
1 - 35% - 30% - 17:08
2 - 35% - 30% - 17:18
3 - 9% - 30% - 4:28
4 - 20% - 10% - 9:58
PP Forward
1 - 61% - 55% - 3:39
2 - 39% - 45% - 2:18
PP Defense
1 - 46% - 55% - 2:44
2 - 54% - 45% - 3:13
PK Forward
1 - 59% - 55% - 2:28
2 - 41% - 45% - 1:41
PK Defense
1 - 41% - 55% - 1:42
2 - 59% - 45% - 2:27
PK3 Forward
1 - 80% - 55% - 0:32
2 - 20% - 45% - 0:08
PK3 Defense
1 - 0% - 55% - 0:00
2 - 100% - 45% - 0:40
44 Forward
1 - 0% - 55%
2 - 0% - 45%
44 Defense
1 - 0% - 55%
2 - 0% - 45%
Last Minute Offensive  - 0:00
Last Minute Defensive  - 0:22
Total
Forward - 60:00
Defense - 60:00

Play-by-Play

1st period


0:01 of 1st period - Cameron Hughes wins face-off versus Zachary Bolduc in neutral zone.
0:53 of 1st period - Icing by Ryan O'Rourke.
0:54 of 1st period - Hendrix Lapierre wins face-off versus Nikita Alexandrov in TROIS-RIVIERES DRAVEURS zone.
1:18 of 1st period - Minor Penalty to Corson Ceulemans for Tripping.
1:19 of 1st period - Henri Nikkanen wins face-off versus Nikita Alexandrov in TROIS-RIVIERES DRAVEURS zone.
1:46 of 1st period - Shot by Vittorio Mancini.
1:46 of 1st period - Shot Blocked by Ryan O'Rourke.
1:48 of 1st period - Shot by Justin Kirkland.
1:48 of 1st period - Stopped by Dustin Tokarski without a rebound.
1:49 of 1st period - Cameron Hughes wins face-off versus Clark Bishop in TROIS-RIVIERES DRAVEURS zone.
1:56 of 1st period - Shot by Lucas Carlsson.
1:56 of 1st period - Shot Blocked by Tyler Wotherspoon.
1:58 of 1st period - Shot by Jakub Rychlovsky.
1:58 of 1st period - Stopped by Dustin Tokarski without a rebound.
1:59 of 1st period - Cameron Hughes wins face-off versus Clark Bishop in TROIS-RIVIERES DRAVEURS zone.
2:28 of 1st period - Shot by Lucas Carlsson.
2:28 of 1st period - Shot Misses the Net.
2:47 of 1st period - Conor Geekie is hit by Maxence Guenette and loses puck.
3:28 of 1st period - Shot by Jake Wise.
3:28 of 1st period - Stopped by Dustin Tokarski without a rebound.
3:29 of 1st period - Hendrix Lapierre wins face-off versus Dylan Duke in TROIS-RIVIERES DRAVEURS zone.
3:29 of 1st period - Hendrix Lapierre is hit by Nolan Renwick.
3:49 of 1st period - Shot by Jake Wise.
3:49 of 1st period - Shot Blocked by Jimmy Snuggerud.
3:53 of 1st period - Shot by Jake Wise.
3:53 of 1st period - Shot Misses the Net.
4:30 of 1st period - Shot by Anthony Richard.
4:30 of 1st period - Shot Blocked by Jagger Firkus.
4:32 of 1st period - Shot by Jeremy Davies.
4:32 of 1st period - Shot Misses the Net.
4:38 of 1st period - Shot by Cameron Hughes.
4:38 of 1st period - Shot Misses the Net.
4:40 of 1st period - Shot by Jeremy Davies.
4:40 of 1st period - Stopped by Dustin Tokarski without a rebound.
4:41 of 1st period - Zachary Bolduc wins face-off versus Cameron Hughes in TROIS-RIVIERES DRAVEURS zone.
4:43 of 1st period - Icing by Conor Geekie.
4:44 of 1st period - Zachary Bolduc wins face-off versus Nikita Alexandrov in TROIS-RIVIERES DRAVEURS zone.
4:46 of 1st period - Icing by Conor Geekie.
4:47 of 1st period - Cameron Hughes wins face-off versus Zachary Bolduc in TROIS-RIVIERES DRAVEURS zone.
5:02 of 1st period - Shot by Zachary Bolduc.
5:02 of 1st period - Stopped by Dennis Hildeby without a rebound.
5:03 of 1st period - Nikita Alexandrov wins face-off versus Clark Bishop in CHARLESTOWN CHIEFS zone.
5:16 of 1st period - Shot by Justin Kirkland.
5:16 of 1st period - Deflect By Nikita Alexandrov.
5:16 of 1st period - Shot Misses the Net.
5:24 of 1st period - Shot by Nikita Alexandrov.
5:24 of 1st period - Shot Misses the Net.
5:26 of 1st period - Shot by Lucas Carlsson.
5:26 of 1st period - Stopped by Dustin Tokarski without a rebound.
5:27 of 1st period - Cameron Hughes wins face-off versus Zachary Bolduc in TROIS-RIVIERES DRAVEURS zone.
5:29 of 1st period - Alex Limoges is hit by Corson Ceulemans and loses puck.
5:35 of 1st period - Minor Penalty to Corson Ceulemans for Hooking.
5:36 of 1st period - Henri Nikkanen wins face-off versus Cameron Hughes in TROIS-RIVIERES DRAVEURS zone.
5:55 of 1st period - Shot by Alex Limoges.
5:55 of 1st period - Shot Misses the Net.
5:57 of 1st period - Shot by Lucas Carlsson.
5:57 of 1st period - Shot Misses the Net.
5:59 of 1st period - Shot by Lucas Carlsson.
5:59 of 1st period - Stopped by Dustin Tokarski without a rebound.
6:00 of 1st period - Nikita Alexandrov wins face-off versus Henri Nikkanen in TROIS-RIVIERES DRAVEURS zone.
6:01 of 1st period - Shot by Justin Kirkland.
6:01 of 1st period - Stopped by Dustin Tokarski without a rebound.
6:02 of 1st period - Henri Nikkanen wins face-off versus Nikita Alexandrov in TROIS-RIVIERES DRAVEURS zone.
6:54 of 1st period - Minor Penalty to Zachary Bolduc for Tripping.
6:55 of 1st period - Clark Bishop wins face-off versus Cameron Hughes in TROIS-RIVIERES DRAVEURS zone.
7:57 of 1st period - Icing by Vittorio Mancini.
7:58 of 1st period - Henri Nikkanen wins face-off versus Nikita Alexandrov in CHARLESTOWN CHIEFS zone.
8:06 of 1st period - Off-side.
8:07 of 1st period - Cameron Hughes wins face-off versus Cedric Pare in neutral zone.
8:25 of 1st period - Shot by Jeremy Davies.
8:25 of 1st period - Goal by Jeremy Davies - CHARLESTOWN CHIEFS : 1 - TROIS-RIVIERES DRAVEURS : 0.
8:26 of 1st period - Zachary Bolduc wins face-off versus Dylan Duke in neutral zone.
8:46 of 1st period - Zachary Bolduc is hit by Travis Mitchell and loses puck.
8:49 of 1st period - Shot by Rasmus Kupari.
8:49 of 1st period - Deflect By Zachary Bolduc.
8:49 of 1st period - Shot Hit the Post.
8:53 of 1st period - Shot by Zachary Bolduc.
8:53 of 1st period - Stopped by Dennis Hildeby without a rebound.
8:54 of 1st period - Jacob Quillan wins face-off versus Hendrix Lapierre in CHARLESTOWN CHIEFS zone.
9:05 of 1st period - Shot by Cameron Hughes.
9:05 of 1st period - Shot Misses the Net.
9:09 of 1st period - Shot by Cameron Hughes.
9:09 of 1st period - Shot Blocked by Tyler Wotherspoon.
9:17 of 1st period - Shot by Anthony Richard.
9:17 of 1st period - Shot Misses the Net.
9:44 of 1st period - Shot by Justin Kirkland.
9:44 of 1st period - Deflect By Nikita Alexandrov.
9:44 of 1st period - Stopped by Dustin Tokarski without a rebound.
9:45 of 1st period - Nikita Alexandrov wins face-off versus Zachary Bolduc in TROIS-RIVIERES DRAVEURS zone.
11:20 of 1st period - Shot by Clark Bishop.
11:20 of 1st period - Shot Misses the Net.
11:22 of 1st period - Shot by David Reinbacher.
11:22 of 1st period - Shot Misses the Net.
11:50 of 1st period - Shot by Nate Danielson.
11:50 of 1st period - Shot Misses the Net.
11:58 of 1st period - Shot by Rasmus Kupari.
11:58 of 1st period - Stopped by Dennis Hildeby without a rebound.
11:59 of 1st period - Cameron Hughes wins face-off versus Zachary Bolduc in CHARLESTOWN CHIEFS zone.
12:34 of 1st period - Cameron Hughes is hit by Ryan O'Rourke.
12:36 of 1st period - Shot by Alex Limoges.
12:36 of 1st period - Shot Misses the Net.
13:02 of 1st period - Shot by Conor Geekie.
13:02 of 1st period - Stopped by Dennis Hildeby without a rebound.
13:03 of 1st period - Hendrix Lapierre wins face-off versus Justin Kirkland in CHARLESTOWN CHIEFS zone.
13:09 of 1st period - Shot by Hendrix Lapierre.
13:09 of 1st period - Deflect By Jimmy Snuggerud.
13:09 of 1st period - Stopped by Dennis Hildeby without a rebound.
13:10 of 1st period - Nikita Alexandrov wins face-off versus Hendrix Lapierre in CHARLESTOWN CHIEFS zone.
13:17 of 1st period - Shot by Justin Kirkland.
13:17 of 1st period - Stopped by Dustin Tokarski without a rebound.
13:18 of 1st period - Hendrix Lapierre wins face-off versus Nikita Alexandrov in TROIS-RIVIERES DRAVEURS zone.
13:18 of 1st period - Jimmy Snuggerud is hit by Justin Kirkland and loses puck.
13:32 of 1st period - Hendrix Lapierre is hit by Vittorio Mancini and loses puck.
13:42 of 1st period - Conor Geekie is hit by Vittorio Mancini and loses puck.
13:50 of 1st period - Icing by Vittorio Mancini.
13:51 of 1st period - Zachary Bolduc wins face-off versus Nikita Alexandrov in CHARLESTOWN CHIEFS zone.
14:02 of 1st period - Shot by Rasmus Kupari.
14:02 of 1st period - Shot Misses the Net.
14:04 of 1st period - Shot by Tyler Wotherspoon.
14:04 of 1st period - Stopped by Dennis Hildeby without a rebound.
14:05 of 1st period - Cameron Hughes wins face-off versus Zachary Bolduc in CHARLESTOWN CHIEFS zone.
14:05 of 1st period - Cameron Hughes is hit by Henri Nikkanen.
14:22 of 1st period - Icing by Tyler Wotherspoon.
14:23 of 1st period - Dylan Duke wins face-off versus Zachary Bolduc in TROIS-RIVIERES DRAVEURS zone.
14:34 of 1st period - Shot by Jake Wise.
14:34 of 1st period - Deflect By Dylan Duke.
14:34 of 1st period - Stopped by Dustin Tokarski with a rebound.
14:36 of 1st period - Shot by Vsevolod Komarov.
14:36 of 1st period - Stopped by Dustin Tokarski without a rebound.
14:37 of 1st period - Cameron Hughes wins face-off versus Clark Bishop in TROIS-RIVIERES DRAVEURS zone.
14:42 of 1st period - Shot by Cameron Hughes.
14:42 of 1st period - Stopped by Dustin Tokarski without a rebound.
14:43 of 1st period - Cameron Hughes wins face-off versus Jimmy Snuggerud in TROIS-RIVIERES DRAVEURS zone.
15:02 of 1st period - Shot by Alex Limoges.
15:02 of 1st period - Shot Hit the Post.
15:08 of 1st period - Shot by Cameron Hughes.
15:08 of 1st period - Deflect By Alex Limoges.
15:08 of 1st period - Shot Hit the Post.
15:12 of 1st period - Shot by Alex Limoges.
15:12 of 1st period - Shot Hit the Post.
15:31 of 1st period - Minor Penalty to Lucas Carlsson for Interference.
15:32 of 1st period - Nikita Alexandrov wins face-off versus Zachary Bolduc in CHARLESTOWN CHIEFS zone.
15:34 of 1st period - Justin Kirkland is hit by Clark Bishop.
16:22 of 1st period - Shot by Cameron Hughes.
16:22 of 1st period - Stopped by Dustin Tokarski with a rebound.
16:38 of 1st period - Shot by Cameron Hughes.
16:38 of 1st period - Stopped by Dustin Tokarski with a rebound.
16:40 of 1st period - Shot by Vittorio Mancini.
16:40 of 1st period - Stopped by Dustin Tokarski without a rebound.
16:41 of 1st period - Nikita Alexandrov wins face-off versus Zachary Bolduc in TROIS-RIVIERES DRAVEURS zone.
16:44 of 1st period - Shot by Nikita Alexandrov.
16:44 of 1st period - Shot Misses the Net.
17:35 of 1st period - Vsevolod Komarov is hit by Tyler Wotherspoon and loses puck.
17:39 of 1st period - Icing by Tyler Wotherspoon.
17:40 of 1st period - Hendrix Lapierre wins face-off versus Nikita Alexandrov in TROIS-RIVIERES DRAVEURS zone.
17:46 of 1st period - Off-side.
17:47 of 1st period - Nikita Alexandrov wins face-off versus Hendrix Lapierre in neutral zone.
18:12 of 1st period - Shot by Jimmy Snuggerud.
18:12 of 1st period - Shot Misses the Net.
18:37 of 1st period - Icing by Dylan Duke.
18:38 of 1st period - Zachary Bolduc wins face-off versus Jake Wise in CHARLESTOWN CHIEFS zone.
18:49 of 1st period - Shot by Zachary Bolduc.
18:49 of 1st period - Stopped by Dennis Hildeby with a rebound.
18:51 of 1st period - Shot by Rasmus Kupari.
18:51 of 1st period - Stopped by Dennis Hildeby without a rebound.
18:52 of 1st period - Rasmus Kupari wins face-off versus Cameron Hughes in CHARLESTOWN CHIEFS zone.
19:07 of 1st period - Shot by Rasmus Kupari.
19:07 of 1st period - Stopped by Dennis Hildeby without a rebound.
19:08 of 1st period - Rasmus Kupari wins face-off versus Dylan Duke in CHARLESTOWN CHIEFS zone.
19:33 of 1st period - Shot by Conor Geekie.
19:33 of 1st period - Stopped by Dennis Hildeby with a rebound.
Goals for this period are 1 for CHARLESTOWN CHIEFS vs 0 for TROIS-RIVIERES DRAVEURS.
Shots for this period are 16 for CHARLESTOWN CHIEFS vs 10 for TROIS-RIVIERES DRAVEURS.

2nd period


0:01 of 2nd period - Cameron Hughes wins face-off versus Zachary Bolduc in neutral zone.
0:08 of 2nd period - Shot by Alex Limoges.
0:08 of 2nd period - Shot Misses the Net.
0:10 of 2nd period - Shot by Lucas Carlsson.
0:10 of 2nd period - Shot Blocked by Corson Ceulemans.
0:12 of 2nd period - Shot by Lucas Carlsson.
0:12 of 2nd period - Shot Blocked by Zachary Bolduc.
0:14 of 2nd period - Shot by Lucas Carlsson.
0:14 of 2nd period - Shot Blocked by David Jiricek.
0:29 of 2nd period - Cameron Hughes is hit by David Jiricek and loses puck.
0:32 of 2nd period - Shot by Lucas Carlsson.
0:32 of 2nd period - Stopped by Dustin Tokarski without a rebound.
0:33 of 2nd period - Clark Bishop wins face-off versus Nikita Alexandrov in TROIS-RIVIERES DRAVEURS zone.
0:33 of 2nd period - Clark Bishop is hit by Justin Kirkland.
0:36 of 2nd period - Icing by Rasmus Kupari.
0:37 of 2nd period - Liam McLinskey wins face-off versus Clark Bishop in TROIS-RIVIERES DRAVEURS zone.
0:44 of 2nd period - Shot by Nikita Alexandrov.
0:44 of 2nd period - Shot Misses the Net.
1:00 of 2nd period - Shot by Conor Geekie.
1:00 of 2nd period - Goal by Conor Geekie - CHARLESTOWN CHIEFS : 1 - TROIS-RIVIERES DRAVEURS : 1.
1:01 of 2nd period - Cameron Hughes wins face-off versus Zachary Bolduc in neutral zone.
1:11 of 2nd period - Nate Danielson is hit by Jeremy Davies and loses puck.
1:25 of 2nd period - Rasmus Kupari is hit by Lucas Carlsson and loses puck.
1:30 of 2nd period - Shot by Zachary Bolduc.
1:30 of 2nd period - Stopped by Dennis Hildeby without a rebound.
1:31 of 2nd period - Nikita Alexandrov wins face-off versus Hendrix Lapierre in CHARLESTOWN CHIEFS zone.
1:35 of 2nd period - Vittorio Mancini is hit by David Jiricek and loses puck.
1:42 of 2nd period - Shot by Jimmy Snuggerud.
1:42 of 2nd period - Shot Misses the Net.
1:44 of 2nd period - Shot by Conor Geekie.
1:44 of 2nd period - Goal by Conor Geekie - CHARLESTOWN CHIEFS : 1 - TROIS-RIVIERES DRAVEURS : 2.
1:45 of 2nd period - Dylan Duke wins face-off versus Zachary Bolduc in neutral zone.
1:59 of 2nd period - Shot by Zachary Bolduc.
1:59 of 2nd period - Shot Misses the Net.
2:01 of 2nd period - Shot by Zachary Bolduc.
2:01 of 2nd period - Stopped by Dennis Hildeby with a rebound.
2:03 of 2nd period - Shot by Zachary Bolduc.
2:03 of 2nd period - Shot Misses the Net.
2:09 of 2nd period - Shot by Zachary Bolduc.
2:09 of 2nd period - Stopped by Dennis Hildeby without a rebound.
2:10 of 2nd period - Cameron Hughes wins face-off versus Hendrix Lapierre in CHARLESTOWN CHIEFS zone.
2:10 of 2nd period - Cameron Hughes is hit by Henri Nikkanen.
2:17 of 2nd period - Jeremy Davies is hit by Tyler Wotherspoon and loses puck.
2:40 of 2nd period - Shot by Jimmy Snuggerud.
2:40 of 2nd period - Shot Misses the Net.
2:42 of 2nd period - Shot by Hendrix Lapierre.
2:42 of 2nd period - Shot Misses the Net.
3:13 of 2nd period - Shot by Rasmus Kupari.
3:13 of 2nd period - Shot Blocked by Jeremy Davies.
3:15 of 2nd period - Shot by Zachary Bolduc.
3:15 of 2nd period - Stopped by Dennis Hildeby with a rebound.
3:20 of 2nd period - Shot by Rasmus Kupari.
3:20 of 2nd period - Shot Misses the Net.
3:34 of 2nd period - Shot by Jagger Firkus.
3:34 of 2nd period - Stopped by Dennis Hildeby without a rebound.
3:35 of 2nd period - Hendrix Lapierre wins face-off versus Nikita Alexandrov in CHARLESTOWN CHIEFS zone.
3:50 of 2nd period - Shot by Conor Geekie.
3:50 of 2nd period - Stopped by Dennis Hildeby without a rebound.
3:51 of 2nd period - Clark Bishop wins face-off versus Dylan Duke in CHARLESTOWN CHIEFS zone.
4:08 of 2nd period - Shot by Conor Geekie.
4:08 of 2nd period - Shot Blocked by Dylan Duke.
4:17 of 2nd period - Minor Penalty to Nolan Renwick for Tripping.
4:18 of 2nd period - Nikita Alexandrov wins face-off versus Zachary Bolduc in CHARLESTOWN CHIEFS zone.
4:18 of 2nd period - Nikita Alexandrov is hit by Clark Bishop.
5:14 of 2nd period - Shot by Nikita Alexandrov.
5:14 of 2nd period - Stopped by Dustin Tokarski without a rebound.
5:15 of 2nd period - Cameron Hughes wins face-off versus Henri Nikkanen in TROIS-RIVIERES DRAVEURS zone.
6:04 of 2nd period - Shot by Jake Wise.
6:04 of 2nd period - Shot Blocked by Zachary Bolduc.
6:08 of 2nd period - Shot by Anthony Richard.
6:08 of 2nd period - Shot Misses the Net.
6:10 of 2nd period - Shot by Anthony Richard.
6:10 of 2nd period - Stopped by Dustin Tokarski without a rebound.
6:11 of 2nd period - Zachary Bolduc wins face-off versus Cameron Hughes in TROIS-RIVIERES DRAVEURS zone.
6:27 of 2nd period - Shot by Jimmy Snuggerud.
6:27 of 2nd period - Shot Hit the Post.
7:03 of 2nd period - Icing by David Reinbacher.
7:04 of 2nd period - Hendrix Lapierre wins face-off versus Jacob Quillan in TROIS-RIVIERES DRAVEURS zone.
7:44 of 2nd period - Shot by Conor Geekie.
7:44 of 2nd period - Shot Blocked by Lucas Carlsson.
7:46 of 2nd period - Shot by Zachary Bolduc.
7:46 of 2nd period - Shot Hit the Post.
7:48 of 2nd period - Shot by Conor Geekie.
7:48 of 2nd period - Shot Misses the Net.
7:50 of 2nd period - Shot by Conor Geekie.
7:50 of 2nd period - Deflect By Zachary Bolduc.
7:50 of 2nd period - Shot Blocked by Anthony Richard.
7:52 of 2nd period - Shot by Corson Ceulemans.
7:52 of 2nd period - Stopped by Dennis Hildeby with a rebound.
8:04 of 2nd period - Shot by Rasmus Kupari.
8:04 of 2nd period - Goal by Rasmus Kupari - CHARLESTOWN CHIEFS : 1 - TROIS-RIVIERES DRAVEURS : 3.
8:05 of 2nd period - Nikita Alexandrov wins face-off versus Zachary Bolduc in neutral zone.
8:10 of 2nd period - Shot by Justin Kirkland.
8:10 of 2nd period - Shot Misses the Net.
8:12 of 2nd period - Shot by Maxence Guenette.
8:12 of 2nd period - Stopped by Dustin Tokarski without a rebound.
8:13 of 2nd period - Clark Bishop wins face-off versus Nikita Alexandrov in TROIS-RIVIERES DRAVEURS zone.
8:28 of 2nd period - Shot by Nikita Alexandrov.
8:28 of 2nd period - Shot Misses the Net.
8:30 of 2nd period - Shot by Vittorio Mancini.
8:30 of 2nd period - Shot Misses the Net.
8:32 of 2nd period - Shot by Justin Kirkland.
8:32 of 2nd period - Stopped by Dustin Tokarski without a rebound.
8:33 of 2nd period - Dylan Duke wins face-off versus Zachary Bolduc in TROIS-RIVIERES DRAVEURS zone.
8:49 of 2nd period - Shot by Dylan Duke.
8:49 of 2nd period - Shot Misses the Net.
8:59 of 2nd period - Shot by Jake Wise.
8:59 of 2nd period - Shot Blocked by Tyler Wotherspoon.
9:42 of 2nd period - Liam McLinskey is hit by Corson Ceulemans and loses puck.
9:46 of 2nd period - Justin Kirkland is hit by Ryan O'Rourke and loses puck.
10:00 of 2nd period - Icing by Jimmy Snuggerud.
10:01 of 2nd period - Cameron Hughes wins face-off versus Hendrix Lapierre in TROIS-RIVIERES DRAVEURS zone.
10:02 of 2nd period - Shot by Alex Limoges.
10:02 of 2nd period - Stopped by Dustin Tokarski without a rebound.
10:03 of 2nd period - Cameron Hughes wins face-off versus Zachary Bolduc in TROIS-RIVIERES DRAVEURS zone.
10:03 of 2nd period - Alex Limoges is hit by Tyler Wotherspoon and loses puck.
10:24 of 2nd period - Tyler Wotherspoon is hit by Alex Limoges and loses puck.
10:59 of 2nd period - Shot by Jimmy Snuggerud.
10:59 of 2nd period - Deflect By Conor Geekie.
10:59 of 2nd period - Shot Misses the Net.
11:09 of 2nd period - Shot by Dylan Duke.
11:09 of 2nd period - Shot Misses the Net.
11:14 of 2nd period - Icing by Ryan O'Rourke.
11:15 of 2nd period - Nikita Alexandrov wins face-off versus Conor Geekie in TROIS-RIVIERES DRAVEURS zone.
11:33 of 2nd period - Shot by Justin Kirkland.
11:33 of 2nd period - Stopped by Dustin Tokarski with a rebound.
11:35 of 2nd period - Shot by Justin Kirkland.
11:35 of 2nd period - Stopped by Dustin Tokarski without a rebound.
11:36 of 2nd period - Zachary Bolduc wins face-off versus Dylan Duke in TROIS-RIVIERES DRAVEURS zone.
12:15 of 2nd period - Rasmus Kupari is hit by Nolan Renwick and loses puck.
13:15 of 2nd period - Shot by Lucas Carlsson.
13:15 of 2nd period - Shot Misses the Net.
13:28 of 2nd period - Icing by Jimmy Snuggerud.
13:29 of 2nd period - Hendrix Lapierre wins face-off versus Nikita Alexandrov in TROIS-RIVIERES DRAVEURS zone.
13:29 of 2nd period - Hendrix Lapierre is hit by Justin Kirkland.
13:53 of 2nd period - Shot by Nikita Alexandrov.
13:53 of 2nd period - Stopped by Dustin Tokarski without a rebound.
13:54 of 2nd period - Zachary Bolduc wins face-off versus Jacob Quillan in TROIS-RIVIERES DRAVEURS zone.
14:12 of 2nd period - Shot by Anthony Richard.
14:12 of 2nd period - Stopped by Dustin Tokarski without a rebound.
14:13 of 2nd period - Clark Bishop wins face-off versus Cameron Hughes in TROIS-RIVIERES DRAVEURS zone.
14:13 of 2nd period - Clark Bishop is hit by Maxence Guenette.
15:24 of 2nd period - Shot by Justin Kirkland.
15:24 of 2nd period - Shot Misses the Net.
15:26 of 2nd period - Shot by Justin Kirkland.
15:26 of 2nd period - Stopped by Dustin Tokarski without a rebound.
15:27 of 2nd period - Zachary Bolduc wins face-off versus Dylan Duke in TROIS-RIVIERES DRAVEURS zone.
15:40 of 2nd period - Shot by Zachary Bolduc.
15:40 of 2nd period - Shot Misses the Net.
15:42 of 2nd period - Shot by Zachary Bolduc.
15:42 of 2nd period - Stopped by Dennis Hildeby with a rebound.
15:58 of 2nd period - Shot by Nate Danielson.
15:58 of 2nd period - Shot Misses the Net.
16:15 of 2nd period - Off-side.
16:16 of 2nd period - Cameron Hughes wins face-off versus Hendrix Lapierre in neutral zone.
16:16 of 2nd period - Cameron Hughes is hit by Hendrix Lapierre.
16:19 of 2nd period - Lucas Carlsson is hit by David Jiricek and loses puck.
16:32 of 2nd period - Shot by Jagger Firkus.
16:32 of 2nd period - Stopped by Dennis Hildeby with a rebound.
16:34 of 2nd period - Shot by Jimmy Snuggerud.
16:34 of 2nd period - Shot Misses the Net.
16:36 of 2nd period - Shot by Hendrix Lapierre.
16:36 of 2nd period - Shot Misses the Net.
17:08 of 2nd period - Zachary Bolduc is hit by Jakub Rychlovsky and loses puck.
17:19 of 2nd period - Shot by Zachary Bolduc.
17:19 of 2nd period - Shot Misses the Net.
17:21 of 2nd period - Shot by Cedric Pare.
17:21 of 2nd period - Shot Blocked by Vittorio Mancini.
17:23 of 2nd period - Shot by Zachary Bolduc.
17:23 of 2nd period - Stopped by Dennis Hildeby without a rebound.
17:24 of 2nd period - Zachary Bolduc wins face-off versus Nikita Alexandrov in CHARLESTOWN CHIEFS zone.
18:37 of 2nd period - Shot by Jake Wise.
18:37 of 2nd period - Stopped by Dustin Tokarski without a rebound.
18:38 of 2nd period - Jacob Quillan wins face-off versus Clark Bishop in TROIS-RIVIERES DRAVEURS zone.
19:05 of 2nd period - Shot by Rasmus Kupari.
19:05 of 2nd period - Stopped by Dennis Hildeby with a rebound.
19:07 of 2nd period - Shot by Rasmus Kupari.
19:07 of 2nd period - Shot Misses the Net.
19:31 of 2nd period - Shot by Dylan Duke.
19:31 of 2nd period - Shot Misses the Net.
19:35 of 2nd period - Shot by Jake Wise.
19:35 of 2nd period - Shot Misses the Net.
19:37 of 2nd period - Shot by Dylan Duke.
19:37 of 2nd period - Shot Misses the Net.
19:39 of 2nd period - Shot by Vsevolod Komarov.
19:39 of 2nd period - Stopped by Dustin Tokarski with a rebound.
19:41 of 2nd period - Shot by Vsevolod Komarov.
19:41 of 2nd period - Stopped by Dustin Tokarski without a rebound.
19:42 of 2nd period - Henri Nikkanen wins face-off versus Nikita Alexandrov in TROIS-RIVIERES DRAVEURS zone.
Goals for this period are 0 for CHARLESTOWN CHIEFS vs 3 for TROIS-RIVIERES DRAVEURS.
Shots for this period are 14 for CHARLESTOWN CHIEFS vs 14 for TROIS-RIVIERES DRAVEURS.

3rd period


0:01 of 3rd period - Cameron Hughes wins face-off versus Zachary Bolduc in neutral zone.
0:13 of 3rd period - Off-side.
0:14 of 3rd period - Zachary Bolduc wins face-off versus Nikita Alexandrov in neutral zone.
0:16 of 3rd period - Rasmus Kupari is hit by Vittorio Mancini and loses puck.
0:33 of 3rd period - Shot by Zachary Bolduc.
0:33 of 3rd period - Stopped by Dennis Hildeby without a rebound.
0:34 of 3rd period - Cameron Hughes wins face-off versus Hendrix Lapierre in CHARLESTOWN CHIEFS zone.
0:34 of 3rd period - Cameron Hughes is hit by Jimmy Snuggerud.
0:41 of 3rd period - Lucas Carlsson is hit by Corson Ceulemans and loses puck.
0:45 of 3rd period - Icing by Conor Geekie.
0:46 of 3rd period - Hendrix Lapierre wins face-off versus Jake Wise in TROIS-RIVIERES DRAVEURS zone.
1:20 of 3rd period - Shot by Conor Geekie.
1:20 of 3rd period - Stopped by Dennis Hildeby without a rebound.
1:21 of 3rd period - Cameron Hughes wins face-off versus Zachary Bolduc in CHARLESTOWN CHIEFS zone.
2:34 of 3rd period - Shot by Liam McLinskey.
2:34 of 3rd period - Stopped by Dustin Tokarski without a rebound.
2:35 of 3rd period - Dylan Duke wins face-off versus Hendrix Lapierre in TROIS-RIVIERES DRAVEURS zone.
2:35 of 3rd period - Dylan Duke is hit by Corson Ceulemans.
2:55 of 3rd period - Shot by Jimmy Snuggerud.
2:55 of 3rd period - Shot Blocked by Vittorio Mancini.
2:57 of 3rd period - Shot by Hendrix Lapierre.
2:57 of 3rd period - Stopped by Dennis Hildeby without a rebound.
2:58 of 3rd period - Jacob Quillan wins face-off versus Conor Geekie in CHARLESTOWN CHIEFS zone.
3:12 of 3rd period - Shot by Jimmy Snuggerud.
3:12 of 3rd period - Deflect By Conor Geekie.
3:12 of 3rd period - Shot Misses the Net.
3:27 of 3rd period - Shot by Jimmy Snuggerud.
3:27 of 3rd period - Stopped by Dennis Hildeby without a rebound.
3:28 of 3rd period - Nikita Alexandrov wins face-off versus Clark Bishop in CHARLESTOWN CHIEFS zone.
3:37 of 3rd period - Shot by Nikita Alexandrov.
3:37 of 3rd period - Deflect By Justin Kirkland.
3:37 of 3rd period - Shot Misses the Net.
3:39 of 3rd period - Shot by Nikita Alexandrov.
3:39 of 3rd period - Stopped by Dustin Tokarski with a rebound.
4:27 of 3rd period - Shot by Jake Wise.
4:27 of 3rd period - Shot Misses the Net.
4:35 of 3rd period - Shot by Jake Wise.
4:35 of 3rd period - Shot Blocked by Zachary Bolduc.
4:47 of 3rd period - Shot by Jake Wise.
4:47 of 3rd period - Stopped by Dustin Tokarski without a rebound.
4:48 of 3rd period - Cameron Hughes wins face-off versus Hendrix Lapierre in TROIS-RIVIERES DRAVEURS zone.
4:50 of 3rd period - Alex Limoges is hit by Corson Ceulemans.
5:00 of 3rd period - Shot by Cameron Hughes.
5:00 of 3rd period - Stopped by Dustin Tokarski with a rebound.
5:08 of 3rd period - Hendrix Lapierre is hit by Travis Mitchell and loses puck.
5:57 of 3rd period - Zachary Bolduc is hit by Travis Mitchell and loses puck.
6:17 of 3rd period - Shot by Nikita Alexandrov.
6:17 of 3rd period - Stopped by Dustin Tokarski without a rebound.
6:18 of 3rd period - Dylan Duke wins face-off versus Clark Bishop in TROIS-RIVIERES DRAVEURS zone.
6:27 of 3rd period - Shot by Dylan Duke.
6:27 of 3rd period - Shot Misses the Net.
6:29 of 3rd period - Shot by Jeremy Davies.
6:29 of 3rd period - Stopped by Dustin Tokarski without a rebound.
6:30 of 3rd period - Hendrix Lapierre wins face-off versus Nikita Alexandrov in TROIS-RIVIERES DRAVEURS zone.
7:20 of 3rd period - Icing by Tyler Wotherspoon.
7:21 of 3rd period - Dylan Duke wins face-off versus Zachary Bolduc in TROIS-RIVIERES DRAVEURS zone.
8:00 of 3rd period - Shot by Jake Wise.
8:00 of 3rd period - Stopped by Dustin Tokarski with a rebound.
8:09 of 3rd period - Hendrix Lapierre is hit by Vsevolod Komarov and loses puck.
8:16 of 3rd period - Tyler Wotherspoon is hit by Jacob Quillan and loses puck.
8:29 of 3rd period - Shot by Jacob Quillan.
8:29 of 3rd period - Shot Misses the Net.
8:35 of 3rd period - Shot by Anthony Richard.
8:35 of 3rd period - Stopped by Dustin Tokarski without a rebound.
8:36 of 3rd period - Nikita Alexandrov wins face-off versus Zachary Bolduc in TROIS-RIVIERES DRAVEURS zone.
8:36 of 3rd period - Justin Kirkland is hit by Corson Ceulemans.
9:23 of 3rd period - Shot by Jakub Rychlovsky.
9:23 of 3rd period - Shot Blocked by Ryan O'Rourke.
9:48 of 3rd period - Alex Limoges is hit by David Reinbacher and loses puck.
10:27 of 3rd period - Shot by Jagger Firkus.
10:27 of 3rd period - Stopped by Dennis Hildeby with a rebound.
10:51 of 3rd period - Vittorio Mancini is hit by Henri Nikkanen and loses puck.
11:06 of 3rd period - Shot by Rasmus Kupari.
11:06 of 3rd period - Shot Misses the Net.
11:08 of 3rd period - Shot by Nate Danielson.
11:08 of 3rd period - Shot Blocked by Jacob Quillan.
11:23 of 3rd period - Shot by Rasmus Kupari.
11:23 of 3rd period - Shot Misses the Net.
11:25 of 3rd period - Shot by Rasmus Kupari.
11:25 of 3rd period - Stopped by Dennis Hildeby with a rebound.
11:48 of 3rd period - Shot by Conor Geekie.
11:48 of 3rd period - Stopped by Dennis Hildeby with a rebound.
11:50 of 3rd period - Shot by Conor Geekie.
11:50 of 3rd period - Stopped by Dennis Hildeby with a rebound.
11:52 of 3rd period - Shot by Hendrix Lapierre.
11:52 of 3rd period - Shot Misses the Net.
11:54 of 3rd period - Shot by Hendrix Lapierre.
11:54 of 3rd period - Stopped by Dennis Hildeby with a rebound.
12:20 of 3rd period - Shot by Zachary Bolduc.
12:20 of 3rd period - Shot Misses the Net.
12:22 of 3rd period - Shot by Zachary Bolduc.
12:22 of 3rd period - Stopped by Dennis Hildeby without a rebound.
12:23 of 3rd period - Justin Kirkland wins face-off versus Zachary Bolduc in CHARLESTOWN CHIEFS zone.
12:35 of 3rd period - Icing by Tyler Wotherspoon.
12:36 of 3rd period - Dylan Duke wins face-off versus Zachary Bolduc in TROIS-RIVIERES DRAVEURS zone.
12:37 of 3rd period - Shot by Jake Wise.
12:37 of 3rd period - Deflect By Dylan Duke.
12:37 of 3rd period - Stopped by Dustin Tokarski with a rebound.
12:46 of 3rd period - Zachary Bolduc is hit by Nolan Renwick and loses puck.
12:50 of 3rd period - Rasmus Kupari is hit by Nolan Renwick and loses puck.
13:15 of 3rd period - Shot by Conor Geekie.
13:15 of 3rd period - Stopped by Dennis Hildeby without a rebound.
13:16 of 3rd period - Nikita Alexandrov wins face-off versus Clark Bishop in CHARLESTOWN CHIEFS zone.
13:16 of 3rd period - Nikita Alexandrov is hit by Henri Nikkanen.
14:32 of 3rd period - Minor Penalty to Travis Mitchell for Hooking.
14:33 of 3rd period - Zachary Bolduc wins face-off versus Cameron Hughes in CHARLESTOWN CHIEFS zone.
14:58 of 3rd period - Shot by Alex Limoges.
14:58 of 3rd period - Shot Blocked by Tyler Wotherspoon.
15:00 of 3rd period - Shot by Vittorio Mancini.
15:00 of 3rd period - Shot Misses the Net.
15:09 of 3rd period - Icing by Zachary Bolduc.
15:10 of 3rd period - Zachary Bolduc wins face-off versus Nikita Alexandrov in TROIS-RIVIERES DRAVEURS zone.
15:33 of 3rd period - Shot by Rasmus Kupari.
15:33 of 3rd period - Stopped by Dennis Hildeby with a rebound.
15:35 of 3rd period - Shot by Rasmus Kupari.
15:35 of 3rd period - Stopped by Dennis Hildeby without a rebound.
15:36 of 3rd period - Cameron Hughes wins face-off versus Conor Geekie in CHARLESTOWN CHIEFS zone.
16:05 of 3rd period - Shot by Jagger Firkus.
16:05 of 3rd period - Deflect By Conor Geekie.
16:05 of 3rd period - Stopped by Dennis Hildeby without a rebound.
16:06 of 3rd period - Nikita Alexandrov wins face-off versus Zachary Bolduc in CHARLESTOWN CHIEFS zone.
16:06 of 3rd period - Nikita Alexandrov is hit by Zachary Bolduc.
16:55 of 3rd period - Shot by Dylan Duke.
16:55 of 3rd period - Shot Misses the Net.
16:57 of 3rd period - Shot by Dylan Duke.
16:57 of 3rd period - Shot Misses the Net.
16:59 of 3rd period - Shot by Dylan Duke.
16:59 of 3rd period - Shot Misses the Net.
17:05 of 3rd period - Shot by Dylan Duke.
17:05 of 3rd period - Deflect By Jake Wise.
17:05 of 3rd period - Shot Hit the Post.
17:18 of 3rd period - Icing by Hendrix Lapierre.
17:19 of 3rd period - Nikita Alexandrov wins face-off versus Jimmy Snuggerud in TROIS-RIVIERES DRAVEURS zone.
17:28 of 3rd period - Shot by Nikita Alexandrov.
17:28 of 3rd period - Shot Misses the Net.
17:30 of 3rd period - Shot by Vittorio Mancini.
17:30 of 3rd period - Shot Misses the Net.
17:32 of 3rd period - Shot by Nikita Alexandrov.
17:32 of 3rd period - Shot Misses the Net.
17:34 of 3rd period - Shot by Justin Kirkland.
17:34 of 3rd period - Goal by Justin Kirkland - CHARLESTOWN CHIEFS : 2 - TROIS-RIVIERES DRAVEURS : 3.
17:35 of 3rd period - Zachary Bolduc wins face-off versus Cameron Hughes in neutral zone.
17:38 of 3rd period - Lucas Carlsson is hit by Nate Danielson and loses puck.
17:44 of 3rd period - Icing by Lucas Carlsson.
17:45 of 3rd period - Cameron Hughes wins face-off versus Clark Bishop in CHARLESTOWN CHIEFS zone.
17:45 of 3rd period - Cameron Hughes is hit by Rasmus Kupari.
18:11 of 3rd period - Shot by Cameron Hughes.
18:11 of 3rd period - Deflect By Alex Limoges.
18:11 of 3rd period - Shot Misses the Net.
18:37 of 3rd period - Shot by Zachary Bolduc.
18:37 of 3rd period - Shot Misses the Net.
18:57 of 3rd period - Shot by Nikita Alexandrov.
18:57 of 3rd period - Shot Hit the Post.
18:59 of 3rd period - Shot by Maxence Guenette.
18:59 of 3rd period - Stopped by Dustin Tokarski with a rebound.
19:01 of 3rd period - CHARLESTOWN CHIEFS, Dennis Hildeby is pulled from the net.
19:29 of 3rd period - Shot by Alex Limoges.
19:29 of 3rd period - Shot Misses the Net.
19:31 of 3rd period - Shot by Lucas Carlsson.
19:31 of 3rd period - Stopped by Dustin Tokarski without a rebound.
19:32 of 3rd period - Rodrigo Abols wins face-off versus Henri Nikkanen in TROIS-RIVIERES DRAVEURS zone.
19:53 of 3rd period - Shot by Rasmus Kupari.
19:53 of 3rd period - Goal by Rasmus Kupari - CHARLESTOWN CHIEFS : 2 - TROIS-RIVIERES DRAVEURS : 4.
19:53 of 3rd period - Dennis Hildeby from CHARLESTOWN CHIEFS was sent back in the game.
19:54 of 3rd period - Dylan Duke wins face-off versus Hendrix Lapierre in neutral zone.
Goals for this period are 1 for CHARLESTOWN CHIEFS vs 1 for TROIS-RIVIERES DRAVEURS.
Shots for this period are 12 for CHARLESTOWN CHIEFS vs 15 for TROIS-RIVIERES DRAVEURS.